Match 42957271
Unlisted

Match 42957271
End
Royal Engineer Section
Vickers Machine Gun Team
Construct Section Command Post
Dingo Light Scout Car
Selects Indian Artillery Battlegroup
Infantry Section
Construct Platoon Command Post
Humber Armored Car
Grenade Package
Selects War Cry
Selects Gurkha Rifles Section
Gurkha Rifles Section
Unlock Bishop Self-propelled Artillery
Gurkha Rifles Section
6-pounder Anti-tank Gun Team
Construct Field Infirmary
Bishop Self-propelled Artillery
Selects Artillery Saturation
Selects Off-map Airburst Barrage
Bishop Self-propelled Artillery
Construct Company Command Post
Crusader II Medium Tank
Infantry Section
Foot Guards Section
Off-map Airburst Barrage
Crusader II Medium Tank
Off-map Airburst Barrage
SneaKerz
gb_gbg
prx
Nikihak
0
0

Comments sign in to comment!

No comments posted yet!